 Dungeon Crawl Stone Soup version 0.26.1-13-g052cdd8df3 (webtiles) character file.

Game seed: 738191118844883565

20 maguirem23 the Chucker (level 2, 29/29 HPs)
             Began as an Ogre Hunter on Jan 4, 2022.
             Tarried too long and was consumed by Zot
             ... on level 1 of the Dungeon on Jan 5, 2022.
             The game lasted 00:12:37 (5994 turns).

maguirem23 the Chucker (Ogre Hunter)                Turns: 5994, Time: 00:12:38

Health: 29/29      AC:  3    Str: 15    XL:     2   Next: 79%
Magic:  2/2        EV: 10    Int: 12    God:
Gold:   65         SH:  0    Dex:  9    Spells: 1/1 levels left

rFire    . . .     SeeInvis .   a - +0 short sword
rCold    . . .     Faith    .   (no shield)
rNeg     . . .     Spirit   .   b - +0 robe
rPois    .         Reflect  .   (helmet restricted)
rElec    .         Harm     .   (no cloak)
rCorr    .         Rampage  .   (gloves unavailable)
Will     .....                  (boots unavailable)
Stlth    +.........             (no amulet)
HPRegen  0.09/turn              (no ring)
MPRegen  0.08/turn              (no ring)

@: bezotted
A: large, unfitting armour, tough skin 1
a: no special abilities


You were on level 1 of the Dungeon.
You visited 1 branch of the dungeon, and saw 1 of its levels.

You collected 65 gold pieces.

Inventory:

Hand Weapons
 a - a +0 short sword (weapon)
 g - a +0 short sword
 k - a cursed -1 dagger
Missiles
 c - 5 large rocks (quivered)
 d - 2 throwing nets
 i - 85 stones
 j - 18 sling bullets
 n - 37 arrows
Armour
 b - a +0 robe (worn)
 l - a +0 leather armour
 o - a +0 ring mail
 s - a +0 leather armour
Scrolls
 h - a scroll of teleportation {unknown}
 p - a scroll of remove curse {unknown}
 q - a scroll of blinking {unknown}
 r - a scroll of fear {unknown}
Potions
 e - a potion of curing {unknown}
 f - a potion of heal wounds {unknown}
 m - a potion of brilliance {unknown}


   Skills:
 + Level 2.8 Fighting
 + Level 0.6 Short Blades
 + Level 4.4 Throwing
 + Level 1.8 Dodging
 + Level 1.0 Stealth


You had one spell level left.
You didn't know any spells.
Your spell library was empty.

Dungeon Overview and Level Annotations

Branches:
Dungeon (1/15)

Altars:
Cheibriados


Innate Abilities, Weirdness & Mutations

You are too large for most types of armour.
You have tough skin. (AC +1)


Message History

[Y]es or [N]o only, please.
Really walk into that dispersal trap? [Y]es or [N]o only, please.
Really walk into that dispersal trap? [Y]es or [N]o only, please.
Really walk into that dispersal trap? [Y]es or [N]o only, please.
Really walk into that dispersal trap? [Y]es or [N]o only, please.
Really walk into that dispersal trap? [Y]es or [N]o only, please.
Really walk into that dispersal trap?
Okay, then.
There is an open door here.
Zot has nearly found you.
Death is approaching.
Descend or flee this branch!
There is a stone staircase leading down here.
Unknown command.
Unknown command.
Zot has found you!
You die...

.........#.#
.#######.#.# ## .#
#.#.# .# .# #.#.# .#
.# #.#.# .# .# #†#.#
.# .# #.#.# .# .#
#.#.######.## .#
#.#......@..#
.#######.###########
.........#
##########


There were no monsters in sight!

Vanquished Creatures
  A dart slug (D:1)
  2 bats (D:1)
  A giant cockroach (D:1)
  A hobgoblin (D:1)
  4 jackals (D:1)
  A goblin (D:1)
  3 kobolds (D:1)
  4 rats (D:1)
17 creatures vanquished.

Vanquished Creatures (others)
  A fungus (D:1)
  A plant (D:1)
2 creatures vanquished.

Grand Total: 19 creatures vanquished

Notes
Turn   | Place    | Note
-------+----------+-------------------------------------------
     0 | D:1      | maguirem23 the Ogre Hunter began the quest for the Orb.
     0 | D:1      | Reached XP level 1. HP: 22/22 MP: 1/1
  4998 | D:1      | Glimpsed the power of Zot.
  5111 | D:1      | Found a snail-covered altar of Cheibriados.
  5185 | D:1      | Reached XP level 2. HP: 26/29 MP: 2/2
  5495 | D:1      | Glimpsed the power of Zot.
  5587 | D:1      | Reached skill level 1 in Stealth
  5894 | D:1      | Glimpsed the power of Zot.
  5993 | D:1      | Glimpsed the power of Zot.
  5994 | D:1      | Tarried too long and was consumed by Zot

Illustrated notes

Levels and vault maps discovered:
D:1:      tarquinn_simple_flora_water_f, layout_basic, hangedman_decor_growths,
          cheibriados_altar_1

Skill      XL: |  1  2 |
---------------+-------+-----
Stealth        | 1 |  1.0
Fighting       | |  2.8
Short Blades   | |  0.6
Throwing       | |  4.4
Dodging        | |  1.8

Action                   || total
-------------------------++-------
Melee: Short sword       ||    69
 Stab: Sleeping          ||     1
Armor: Robe              ||    17
Dodge: Dodged            ||    41
